← All builds
Geo / Armada / Economy first / OBSERVED BUILD

Blitz raid

Geo builds a Vehicle Plant very early and pushes out Blitz tanks from around 4:14 to raid before falling back to the usual T2 economy and Starlight transition.

Usually blows up the commander for T2 (68%)

#raid #rush · 68 distinct matches · 21 players · 5% of Armada Geo games · team won 54% of 69 · Recently observed

THE CATCH, AND WHAT COMES WITH IT
  • BlitzT1 vehicle raid from 4:14 · 6% of role by thenFrom the Vehicle Plant. Only 6% of Geo games have it by then; others who build it get it around 7:26
  • Vehicle PlantVehicle Plant in 100%15% of all Geo games by then
  • BlitzBlitz in 64%4% of all Geo games by then

Started with Blitz (97%), Rover (1%), Pincer (1%).

Where those units first fight, in 68 games with kill data: in the middle 82%, on their own side 16%.

Those units destroy a typical 1,308 metal of enemy units by 15:00.

Then transitions into Starlight (16% of army), Jaguar (12% of army), Platypus (9% of army).

HOW TO PLAY IT

Key timing: Vehicle Plant by 3:59, Blitz by 5:28

  1. Open triple mex and wind into Bot Lab as usual for Geo.
  2. Get the geo plant up on the normal Geo timing.
  3. Skip the T2 rush and pump Blitz from an early Vehicle Plant instead.
  4. Push Blitz out to raid and fight at middle ahead of the role norm.
  5. Transition back into the usual T2 push with Advanced Vehicle Plant and Starlight.

Phase by phase

TYPICAL OF ITS 68 GAMES · AGAINST STANDARD GEO
  1. 1
  2. 2
  3. 3
  4. 4
PLAY THE OPENING

Follow the example game's first 6:00 step by step: what to build now, what comes next, and where it goes. At 1× it keeps pace with your own game.

  1. 1

    Up to the Bot Lab

    Economy
    • Metal Extractor3Mex
    • Wind Turbine4Wind
    Order
    1. Bot LabBot Lab after 3 mex, 4 winddone ~1:13, middle half 1:11–1:18

    By 0:57 in all: 3 mex · 4 wind

    The example game in this phase · 3 steps
    1. Mex ×2
    2. Wind ×4
    3. Bot LabBot Labdone 0:59 · typical 1:13
  2. 2

    Bot Lab to T1 vehicle raid

    Economy
    • Metal Extractor1Mex
    • Wind Turbine1Wind
    • Energy Converter6Converter+2 vs standard
    Order
    1. Geothermal PowerplantGeo after 4 mex, 4 wind, 1 con turret
    2. Vehicle PlantVehicle Plant after 4 mex, 4 wind, 6 converter
    3. BlitzT1 vehicle raid after 4 mex, 4 wind, 6 converter
    Builders
    • Construction Turret3 Con turret
    • Lazarus5 Lazarus
    • Construction Bot1 Con bot
    • Construction Bot1 Con bot for allies
    • Lazarus1 Lazarus for allies

    Some games also: energy storage (33%)

    By 4:14 in all: 4 mex · 4 wind · 1 geo · 6 converter (standard 4) · 3 con turret

    The example game in this phase · 20 steps
    1. Construction BotCon botfor Beach sea
    2. LazarusLazarus ×2
    3. Mex ×2
    4. LazarusLazarus ×2
    5. Construction BotCon botfor Beach sea
    6. Construction BotCon bot
    7. Energy storage
    8. Con turret
    9. Geothermal PowerplantGeodone 3:17 · typical 3:32
    10. Con turret
    11. Converter ×12
    12. Con turret
    13. Wind ×2
    14. Con turret
    15. Wind ×2
    16. Vehicle PlantVehicle Plantdone 4:59 · typical 4:12
    17. Wind
    18. Advanced Metal ExtractorT2 mexdone 5:22 · typical 5:45
    19. Wind
    20. PincerPincerdone 5:02
  3. 3

    T1 vehicle raid to Advanced Vehicle Plant

    Economy
    • Energy Storage1Energy storage
    Order
    1. Advanced Geothermal PowerplantAdvanced Geothermal Powerplant after 4 mex, 6 converter, 6 con turretin 58% of games
    2. Advanced Vehicle PlantAdvanced Vehicle Plant after 6 wind, 8 converter, 6 con turretdone ~8:28, middle half 7:57–9:32
    Builders
    • Construction Turret3 Con turret
    • Construction Vehicle1 Con vehicle
    Army
    • Blitz11 Blitz +11 vs standard

    Some games also: converter (36%) · wind (33%)

    The standard build makes here, this one skips: 4 wind · 8 converter

    By 7:53 in all: 4 mex · 5 wind (standard 11) · 1 geo · 1 Advanced Geothermal Powerplant · 6 converter (standard 12) · 2 energy storage

    The example game in this phase · 33 steps
    1. Wind
    2. PincerPincer
    3. Advanced Metal ExtractorT2 mex
    4. BeaverBeaver
    5. GroundhogGroundhog
    6. PrudePrudedone 6:48
    7. Wind ×2
    8. Light MineLight Mine
    9. Wind
    10. Light MineLight Mine ×2
    11. Wind
    12. Advanced Metal ExtractorT2 mex
    13. Wind
    14. Light MineLight Mine ×2
    15. Wind ×2
    16. Light MineLight Mine
    17. Wind ×2
    18. Light MineLight Mine
    19. Wind
    20. Light MineLight Mine
    21. Wind ×2
    22. Light MineLight Mine
    23. Wind ×2
    24. Light MineLight Mine
    25. Wind
    26. Light MineLight Mine
    27. Radar TowerRadar Tower
    28. Light MineLight Mine
    29. Wind
    30. Con turret
    31. Wind
    32. Con turret
    33. Advanced Vehicle PlantAdvanced Vehicle Plantdone 7:48 · typical 8:28
  4. 4

    Advanced Vehicle Plant to 10:00

    Some games also: wind (46%) · Starlight (36%) · converter (33%) · con turret (30%)

    The standard build makes here, this one skips: 6 wind · 2 Starlight

    By 10:00 in all: 4 mex · 8 wind (standard 20) · 1 geo · 1 Advanced Geothermal Powerplant · 10 converter (standard 16) · 2 energy storage

    The example game in this phase · 105 steps
    1. Advanced Metal ExtractorT2 mex
    2. Medium MineMedium Mine
    3. Wind
    4. Medium MineMedium Mine
    5. Wind ×2
    6. Medium MineMedium Mine
    7. Advanced Construction VehicleT2 con vehiclefor Suicide front
    8. Wind
    9. Medium MineMedium Mine
    10. ConsulConsul
    11. Wind
    12. Medium MineMedium Mine
    13. ProphetRadar vehicle
    14. Wind
    15. UmbraJammer
    16. Medium MineMedium Mine
    17. Wind
    18. StarlightStarlightdone 8:32
    19. Wind
    20. BeholderBeholder
    21. Medium MineMedium Mine
    22. BeholderBeholder
    23. Medium MineMedium Mine
    24. StarlightStarlight
    25. BeholderBeholder
    26. Wind
    27. BeholderBeholder
    28. Medium MineMedium Mine
    29. SentrySentry
    30. Medium MineMedium Mine
    31. Wind
    32. StarlightStarlight
    33. Wind
    34. Medium MineMedium Mine ×2
    35. Wind
    36. StarlightStarlight
    37. Wind ×2
    38. Medium MineMedium Mine
    39. Wind
    40. Medium MineMedium Mine
    41. Wind ×2
    42. Medium MineMedium Mine
    43. Wind
    44. StarlightStarlight
    45. JunoJuno
    46. Wind
    47. Medium MineMedium Mine ×2
    48. Wind
    49. Medium MineMedium Mine
    50. Wind
    51. Medium MineMedium Mine
    52. Wind ×2
    53. JaguarJaguar
    54. Wind
    55. Medium MineMedium Mine
    56. JaguarJaguar
    57. Wind
    58. Medium MineMedium Mine
    59. Wind ×2
    60. Medium MineMedium Mine
    61. Wind
    62. JaguarJaguar
    63. Wind
    64. Medium MineMedium Mine
    65. Wind ×2
    66. JaguarJaguar
    67. Medium MineMedium Mine
    68. Wind ×3
    69. Medium MineMedium Mine
    70. JaguarJaguar
    71. Wind ×2
    72. Medium MineMedium Mine
    73. Wind
    74. BeholderBeholder
    75. Wind
    76. Advanced Construction VehicleT2 con vehicle
    77. Wind
    78. Medium MineMedium Mine
    79. Wind ×2
    80. Medium MineMedium Mine
    81. Wind ×2
    82. Medium MineMedium Mine
    83. Wind ×2
    84. Medium MineMedium Mine
    85. CitadelAnti-nukenot finished by 15:00
    86. Wind
    87. Naval Radar / Sonar TowerNaval Radar / Sonar Tower
    88. Medium MineMedium Mine
    89. Wind ×2
    90. Medium MineMedium Mine
    91. Wind ×2
    92. Medium MineMedium Mine
    93. Wind ×2
    94. Medium MineMedium Mine
    95. Wind
    96. Medium MineMedium Mine
    97. Wind ×2
    98. JaguarJaguar
    99. Medium MineMedium Mine
    100. Wind ×2
    101. Medium MineMedium Mine
    102. JaguarJaguar
    103. Wind
    104. Medium MineMedium Mine
    105. Wind

Counts are medians over the build's games: half of them build more, half fewer. The example game is 0neTw0's (41 OS, 25/09/2026); pick another.

Team trades

IN AT LEAST 30% OF ITS GAMES

You hand over

  • Lazarus1 Lazarus to Beach sea or Frontfirst at 2:16 · in 71% of games
  • Construction Bot1 Con bot to Beach seafirst at 2:47 · in 83% of games
  • Advanced Construction Vehicle1 T2 con vehicle to Front or Suicide frontfirst at 9:00 · in 38% of games

You get

  • Advanced Construction Bot1 T2 con bot from Techfirst at 4:55 · in 90% of games

How it plays out

Typical game of this build against the role’s standard build, running totals by minute

  • This build
  • Standard geo

Metal produced

020k40k
0:005:0010:0015:00

metal

Enemy metal destroyed

05k10k15k
0:005:0010:0015:00

metal

Own metal lost

05k10k
0:005:0010:0015:00

metal

69 games.

Show as table
ByMetal produced: This buildMetal produced: Standard geoEnemy metal destroyed: This buildEnemy metal destroyed: Standard geoOwn metal lost: This buildOwn metal lost: Standard geo
1:003843330000
2:009198270000
3:00168015300000
4:00268227070000
5:00447037320000
6:006329572720002600
7:0083408167927011200
8:00112171150712380134021
9:0014059145331294511450130
10:00169651743617936301600320
11:001964220416315321082334824
12:0022155233694954402936871940
13:0024865261396091618746403295
14:0027741290256970851061674756
15:00301023166380301039677016186
WHAT THE NUMBERS SAY

Won less often than the standard build, trading better mid-game damage for a much heavier metal loss around 10:00.

  • + Enemy metal destroyed by 10:00 well up (1800 vs 624)
  • + Metal produced by 5:00 ahead (4436 vs 3718)
  • − Team win rate below standard (47% vs 53%)
  • − Own metal lost by 10:00 far higher (1595 vs 334)
THE EXAMPLE YOU ARE READING

0neTw0

40.7 OS · 25/09/2026

Open source match ↗

1 received units · includes a constructor
4368 metal received · 74654 energy received

Allied construction assistance is unknown. Timings are observations, not a promise of solo reproducibility.

Typical milestones

Bot Lab1:13Middle 50%: 1:11–1:18 · n=65
Geothermal Powerplant3:32Middle 50%: 3:17–3:41 · n=68
Vehicle Plant4:12Middle 50%: 4:00–4:35 · n=69
Advanced Metal Extractor5:45Middle 50%: 5:24–6:19 · n=64
Advanced Geothermal Powerplant7:39Middle 50%: 7:22–7:59 · n=43
Advanced Vehicle Plant8:28Middle 50%: 7:57–9:32 · n=38

Played most by

Syphos34games of this build0neTw05games of this buildUsurpeR5games of this buildPlatinumBlonde4games of this buildzeus_on_god3games of this build